 Dungeon Crawl Stone Soup version 0.29.1-1-gd02db6906a (webtiles) character file.

Game seed: 647157926258660099

121 DemonSlayer the Firebug (level 4, -4/30 HPs)
             Began as a Demonspawn Fire Elementalist on Oct 20, 2022.
             Splashed by a jelly's acid (9 damage)
             ... on level 3 of the Dungeon.
             The game lasted 00:04:19 (3897 turns).

DemonSlayer the Firebug (DsFE)                      Turns: 3897, Time: 00:04:20

Health: -4/30      AC: -10   Str:  8    XL:     4   Next: 76%
Magic:  7/9        EV: 12    Int: 18    God:
Gold:   127        SH:  0    Dex: 14    Spells: 3/9 levels left

rFire   . . .      SeeInvis .   k - +0 rapier
rCold   . . .      Faith    .   (no shield)
rNeg    . . .      Spirit   .   a - +0 robe
rPois   .          Reflect  .   (helmet restricted)
rElec   .          Harm     .   (no cloak)
rCorr   .          Rampage  .   (no gloves)
Will    .....                   (no boots)
Stlth   +.........              (no amulet)
HPRegen 0.10/turn               (no ring)
MPRegen 0.11/turn               (no ring)

@: confused, ambrosia-drunk, corroded
A: horns 1, foul stench 1, powered by pain 1
a: no special abilities


You were on level 3 of the Dungeon.
You visited 1 branch of the dungeon, and saw 3 of its levels.

You collected 127 gold pieces.

Inventory:

Hand Weapons
 k - a +0 rapier (weapon)
Armour
 a - a +0 robe (worn)
Scrolls
 d - 2 scrolls of identify {unknown}
 e - a scroll of amnesia {unknown}
 f - a scroll of blinking {unknown}
 g - a scroll of noise {unknown}
 h - 2 scrolls of teleportation {unknown}
 i - a scroll of brand weapon {unknown}
 l - a scroll of poison {unknown}
 m - a scroll of enchant armour {unknown}
Potions
 b - a potion of magic
 j - a potion of mutation {unknown}
 n - a potion of lignification {unknown}


   Skills:
 + Level 0.1 Short Blades
 + Level 1.8 Dodging
 + Level 1.9 Stealth
 + Level 3.3 Spellcasting
 + Level 1.7 Conjurations
 + Level 3.8 Fire Magic


You had 3 spell levels left.
You knew the following spells:

 Your Spells              Type           Power      Damage    Failure   Level
a - Foxfire               Conj/Fire      52%        2x1d6     4%          1
b - Scorch                Fire           32%        2d7       4%          2
c - Conjure Flame         Conj/Fire      13%        6-21      16%         3

Your spell library contained the following spells:

 Spells                   Type           Power      Damage    Failure   Level
 Inner Flame              Hex/Fire       9%         N/A       22%         3
 Flame Wave               Conj/Fire      13%        2d6       45%         4


Dungeon Overview and Level Annotations

Branches:
Dungeon (3/15)

Altars:


Innate Abilities, Weirdness & Mutations

You have a pair of small horns on your head.
You may rarely emit foul miasma when damaged in melee.
You sometimes gain a little power by taking damage.


Message History

You are very lightly contaminated with residual magic.
Nothing appears to happen.
You hit the goblin.
The goblin is heavily wounded.
A jelly comes into view.
The goblin barely misses you. x2; The rat bites you but does no damage.
Flames lash the jelly.
The jelly quivers.
The jelly is heavily wounded.
The jelly's fire resistance burns away.
The rat misses you. The goblin closely misses you.
Flames lash the rat.
You kill the rat!
The goblin hits you with a +0 club.
Flames lash the goblin.
You kill the goblin!
The jelly closely misses you.
You don't have enough magic to cast this spell.
You don't have enough magic to cast this spell.
You don't have enough magic to cast this spell.
You don't have enough magic to cast this spell.
You hit the jelly. The acid corrodes you!
Your hands burn!
The jelly is severely wounded.
The jelly is no longer more vulnerable to fire.
The jelly hits you. The acid corrodes you!
You are splashed with acid!
You don't have enough magic to cast this spell.
You hit the jelly. The acid corrodes you!
Your hands burn!
The jelly is severely wounded.
The jelly hits you. The acid corrodes you!
You are splashed with acid!
* * * LOW HITPOINT WARNING * * *
Your magical contamination has completely faded away.
You are too injured to fight recklessly!
You are too injured to fight recklessly!
You are too injured to fight recklessly!
It was a potion of ambrosia.
You are confused.
You feel invigorated. The jelly hits you.
* * * LOW HITPOINT WARNING * * *
The acid corrodes you!
You are splashed with acid!
You die...

#.# #...... #.# #....##
#.# #.#.##. # #.#
#.#.### #. #.# #.#.# #
###.### ##.######.#.###
#.....# #......##.#....
##...)J###..#......#####
#......@....#...#### #
#......###.##>.## #
#......# #.##..#
.......## #.##..#
##.###. #.##..# ... #.
#.##..# ## #. #.##..#
#.##..# #..#


You could see a jelly.

Vanquished Creatures
  Natasha (twice) (D:3)
  An adder (D:2)
  A worm (D:2)
  2 dart slugs
  4 orcs (D:3)
  5 ball pythons
  2 bats (D:1)
  7 endoplasms
  2 giant cockroaches (D:1)
  4 goblins
  3 hobgoblins
  2 jackals (D:3)
  A quokka (D:1)
  2 frilled lizards
  4 kobolds
  8 rats
50 creatures vanquished.

Vanquished Creatures (others)
  162 foxfires
162 creatures vanquished.

Grand Total: 212 creatures vanquished

Notes
Turn   | Place    | Note
-------+----------+-------------------------------------------
     0 | D:1      | DemonSlayer the Demonspawn Fire Elementalist began the
                  | quest for the Orb.
     0 | D:1      | Reached XP level 1. HP: 13/13 MP: 3/3
   402 | D:1      | Gained mutation: You may rarely emit foul miasma when
                  | damaged in melee. [demonic ancestry]
   402 | D:1      | Reached XP level 2. HP: 19/19 MP: 1/5
   405 | D:1      | Learned a level 2 spell: Scorch
  1808 | D:1      | Gained mutation: You have a pair of small horns on your
                  | head. [demonic ancestry]
  1808 | D:1      | Reached XP level 3. HP: 24/24 MP: 4/6
  2048 | D:1      | Learned a level 3 spell: Conjure Flame
  3051 | D:3      | Noticed Natasha
  3119 | D:3      | Killed Natasha
  3120 | D:3      | Gained mutation: You sometimes gain a little power by
                  | taking damage. [demonic ancestry]
  3120 | D:3      | Reached XP level 4. HP: 28/30 MP: 3/8
  3692 | D:3      | Noticed Natasha
  3697 | D:3      | Killed Natasha
  3897 | D:3      | Splashed by a jelly's acid

Illustrated notes

Levels and vault maps discovered:
D:1:      spicycebolla_arrival_xxxplode, layout_basic,
          nicolae_figureground_pulse
D:2:      layout_loops_cross
D:3:      layout_loops_ring, amcnicky_altar_gilded, minmay_misc_feat_encased,
          uniq_natasha

Skill      XL: |  1  2  3 |
---------------+----------+-----
Fire Magic     | 3 |  3.8
Spellcasting   | 3 |  3.3
Short Blades   | |  0.1
Dodging        | |  1.8
Stealth        | |  1.9
Conjurations   | |  1.7

Action                   |  1- 3 |  4- 6 || total
-------------------------+-------+-------++-------
Melee: Short sword       |    37 |       ||    37
       Unarmed           |     4 |       ||     4
       Rapier            |     3 |     8 ||    11
       Headbutt          |     1 |     1 ||     2
 Cast: Foxfire           |   101 |       ||   101
       Scorch            |     2 |    18 ||    20
  Use: Potion            |       |     1 ||     1
 Stab: Sleeping          |     1 |       ||     1
Armor: Robe              |    11 |     4 ||    15
Dodge: Dodged            |    32 |    13 ||    45
